 Dungeon Crawl Stone Soup version 0.26.1-2-gb8aa6d0cf2 (webtiles) character file.

Game seed: 15949829284366402320

115 sammydre the Skirmisher (level 5, -12/46 HPs)
             Began as a Ghoul Monk on Feb 21, 2021.
             Mangled by an orc warrior
             ... wielding a +0 halberd
              (13 damage)
             ... on level 3 of the Dungeon.
             The game lasted 00:03:59 (2269 turns).

sammydre the Skirmisher (Ghoul Monk)                Turns: 2269, Time: 00:03:59

Health: -12/46     AC: 10    Str: 22    XL:     5   Next: 0%
Magic:  4/4        EV:  7    Int:  5    God:
Gold:   42         SH:  0    Dex: 11    Spells: 4/4 levels left

rFire    . . .     SeeInvis .   a - +0 falchion
rCold    + . .     Faith    .   (no shield)
rNeg     + + +     Spirit   .   c - +0 plate armour
rPois    ∞         Reflect  .   (no helmet)
rElec    .         Harm     .   (no cloak)
rCorr    .         Rampage  .   (no gloves)
Will     .....                  (no boots)
Stlth    ..........             (no amulet)
HPRegen  0.00/turn              g - +6 ring of strength
MPRegen  0.09/turn              (no ring)

@: hasted, very quick
A: claws 1, cold resistance 1, negative energy resistance 3, inhibited
regeneration, torment resistance, unbreathing
a: no special abilities


You were on level 3 of the Dungeon.
You visited 1 branch of the dungeon, and saw 4 of its levels.

You collected 42 gold pieces.

Inventory:

Hand Weapons
 a - a +0 falchion (weapon)
Missiles
 e - 104 stones (quivered)
 j - 12 poisoned darts
 k - 2 atropa-tipped darts
Armour
 b - a +0 robe
 c - a +0 plate armour (worn)
Jewellery
 g - a +6 ring of strength (left claw)
Scrolls
 d - a scroll of amnesia
Potions
 f - a potion of brilliance
 h - a potion of attraction


   Skills:
 + Level 4.1 Fighting
 * Level 3.9 Long Blades
 + Level 0.8 Throwing
 + Level 1.5 Armour
 - Level 2.6 Dodging
 - Level 2.1 Stealth


You had 4 spell levels left.
You didn't know any spells.
Your spell library was empty.

Dungeon Overview and Level Annotations

Branches:
Dungeon (4/15)
 Temple: D:4-7

Altars:


Innate Abilities, Weirdness & Mutations

You thrive by killing the living.
You are immune to poison.
You have sharp fingernails.
Your flesh is cold resistant. (rC+)
You are immune to negative energy. (rN+++)
You do not regenerate when monsters are visible.
You are immune to unholy pain and torment.
You can survive without breathing.


Message History

The orc wizard blinks!
Okay, then.
You hit the giant cockroach.
The giant cockroach is lightly wounded.
The giant cockroach bites you but does no damage. x2
The orc warrior hits you but does no damage.
You closely miss the giant cockroach.
The giant cockroach bites you but does no damage.
The orc wizard casts a spell.
The orc wizard blinks!
The orc warrior completely misses you.
You riposte.
Your plate armour prevents you from hitting the orc warrior.
It was a potion of haste.
You feel yourself speed up.
The giant cockroach bites you but does no damage.
The orc wizard casts a spell.
The orc wizard seems to speed up.
It was a potion of berserk rage.
You cannot raise a blood rage in your lifeless body.
The giant cockroach bites you but does no damage.
The orc warrior hits you with a +0 halberd!
You die...

#.....#....##### #...
#.....#.#..# #...
#.....#.#..##### #....
#[....#.#..##...
#...o##
#.....#....##...
#......
#...........#...
#.....o
#....###....#...
#.oo##....# #.....†..
#@B..).# #...#.#'#
#...#+## #####...#
.......... ....##..#
.....###..............
#..... $.[.........>.
+..... ........#.....
#..... ....... #.....
#..... ...... #.....
#.....


You could see an orc warrior, an orc priest, an orc wizard (fast), an orc and a
giant cockroach.

Vanquished Creatures
  Jessica (D:3)
  A worker ant (D:4)
  An ooze (D:3)
  A worm (D:2)
  A dart slug (D:1)
  5 leopard geckos
  An orc (D:4)
  2 giant cockroaches
  4 goblins
  8 hobgoblins
  4 jackals (D:1)
  A quokka (D:3)
  3 bats
  3 frilled lizards
  9 kobolds
  3 rats
48 creatures vanquished.

Notes
Turn   | Place    | Note
-------+----------+-------------------------------------------
     0 | D:1      | sammydre the Ghoul Monk began the quest for the Orb.
     0 | D:1      | Reached XP level 1. HP: 19/19 MP: 0/0
   272 | D:1      | Reached XP level 2. HP: 26/26 MP: 1/1
   776 | D:1      | Reached XP level 3. HP: 31/31 MP: 2/2
   863 | D:1      | Reached skill level 1 in Armour
  1712 | D:2      | You fall into a shaft and drop 2 floors!
  1720 | D:4      | Reached XP level 4. HP: 40/40 MP: 3/3
  1800 | D:3      | Reached skill level 4 in Fighting
  1873 | D:3      | Noticed Jessica
  2219 | D:3      | Killed Jessica
  2220 | D:3      | Reached XP level 5. HP: 46/46 MP: 4/4
  2258 | D:3      | Noticed an orc warrior
  2265 | D:3      | HP: 1/46 [orc priest/divine providence (8)]
  2269 | D:3      | Mangled by an orc warrior

Illustrated notes

Levels and vault maps discovered:
D:1:      tarquinn_simple_flora_water_d, layout_basic, minmay_fountain_box,
          minmay_tetromino_s4
D:2:      layout_basic
D:3:      minmay_recursive_quarters, layout_basic, nemelex_altar_shiori,
          fountainhead, uniq_jessica, uniq_grinder
D:4:      layout_loops_ring

Skill      XL: |  1  2  3  4 |
---------------+-------------+-----
Long Blades    | 3 |  3.9
Armour         | 1 |  1.5
Fighting       | 4 |  4.1
Throwing       | |  0.8
Dodging        | |  2.6
Stealth        | |  2.1

Action                   |  1- 3 |  4- 6 || total
-------------------------+-------+-------++-------
Melee: Falchion          |   135 |    33 ||   168
  Use: Scroll            |       |     5 ||     5
       Potion            |       |     2 ||     2
Armor: Plate armour      |    96 |    16 ||   112
Dodge: Dodged            |    47 |    12 ||    59
       Rpst.: Falchion   |    16 |     4 ||    20
